[ AOE2 MATCH · #484101449 ]
UnrankedBurgundians vs Persians
[ REPLAY ANALYSIS · EXTRACTED FROM THE RECORDED GAME ]
Feudal
—
Castle
—
Imperial
—
| APM avg | 36.7 |
| APM peak | 86 |
| eAPM avg | 6.5 |
| Villagers / military | 8 / 0 |
Focus
⚔️ 10.8% · 🌾 89.2%
Feudal
—
Castle
—
Imperial
—
| APM avg | 6.2 |
| APM peak | 37 |
| eAPM avg | 1.4 |
| Villagers / military | 0 / 0 |
Focus
⚔️ 25.0% · 🌾 75.0%
Feudal
—
Castle
—
Imperial
—
| APM avg | 21.3 |
| APM peak | 43 |
| eAPM avg | 12.0 |
| Villagers / military | 21 / 0 |
Focus
⚔️ 3.8% · 🌾 96.2%
Feudal
—
Castle
—
Imperial
—
| APM avg | 5.3 |
| APM peak | 16 |
| eAPM avg | 2.9 |
| Villagers / military | 7 / 0 |
Focus
⚔️ 5.6% · 🌾 94.4%
Feudal
—
Castle
—
Imperial
—
| APM avg | 12.4 |
| APM peak | 31 |
| eAPM avg | 7.6 |
| Villagers / military | 17 / 0 |
Focus
⚔️ 2.0% · 🌾 98.0%
Fishing Ship ×2
Feudal
—
Castle
—
Imperial
—
| APM avg | 13.7 |
| APM peak | 46 |
| eAPM avg | 6.5 |
| Villagers / military | 18 / 0 |
Focus
⚔️ 0.0% · 🌾 100.0%
Feudal
—
Castle
—
Imperial
—
| APM avg | 12.9 |
| APM peak | 32 |
| eAPM avg | 6.7 |
| Villagers / military | 15 / 0 |
Focus
⚔️ 4.8% · 🌾 95.2%
Feudal
—
Castle
—
Imperial
—
| APM avg | 15.3 |
| APM peak | 32 |
| eAPM avg | 7.0 |
| Villagers / military | 20 / 0 |
Focus
⚔️ 0.0% · 🌾 100.0%
Match map
Initial resources + every placement click. Lines = walls · curves = elevation contours. ◆ gold · ⬟ stone · ● berries · ✦ relic · ◌ wall gap
Your base
无名之辈2's base
Deatho's base
s3lo's base
thomas.magicmueller's base
294608812's base
我是厨子不是愚公,只会做饭不会易大山's base
Dragonix312's base
Smoothed initial terrain · ◌ = detected wall gap · hover for details
Inputs per minute
— 千早灌世音 - - 无名之辈2
Build order — 千早灌世音
14 actions detected in the replay
| 0:08 | Research | Loom |
| 0:12 | Build | House |
| 0:14 | Research | Wheelbarrow |
| 0:23 | Build | House |
| 0:29 | Build | House |
| 0:53 | Create | Villager (Male) |
| 1:42 | Create | Villager (Male) |
| 2:07 | Create | Villager (Male) |
| 2:49 | Create | Villager (Male) |
| 3:30 | Create | Villager (Male) |
| 3:44 | Create | Villager (Male) |
| 4:08 | Create | Villager (Male) |
| 4:25 | Build | Lumber Camp |
| 4:42 | Create | Villager (Male) |
Build order — 无名之辈2
2 actions detected in the replay
| 0:42 | Build | House |
| 0:44 | Build | House |
Build order — Deatho
24 actions detected in the replay
| 0:03 | Create | Villager (Male) |
| 0:04 | Create | Villager (Male) |
| 0:04 | Create | Villager (Male) |
| 0:04 | Create | Villager (Male) |
| 0:47 | Create | Villager (Male) |
| 1:29 | Build | Lumber Camp |
| 1:32 | Create | Villager (Male) |
| 1:47 | Create | Villager (Male) |
| 1:48 | Create | Villager (Male) |
| 2:28 | Create | Villager (Male) |
| 2:28 | Create | Villager (Male) |
| 2:45 | Create | Villager (Male) |
| 2:45 | Create | Villager (Male) |
| 3:44 | Create | Villager (Male) |
| 3:44 | Create | Villager (Male) |
| 4:58 | Create | Villager (Male) |
| 4:58 | Create | Villager (Male) |
| 5:36 | Build | Mill |
| 5:40 | Create | Villager (Male) |
| 5:40 | Create | Villager (Male) |
| 6:24 | Build | Lumber Camp |
| 6:28 | Create | Villager (Male) |
| 6:28 | Create | Villager (Male) |
| 7:10 | Create | Villager (Male) |
Build order — s3lo
5 actions detected in the replay
| 0:05 | Build | House |
| 0:07 | Build | House |
| 0:42 | Create | Villager (Male) ×4 |
| 2:39 | Create | Villager (Male) ×3 |
| 3:29 | Build | House |
Build order — thomas.magicmueller
24 actions detected in the replay
| 0:16 | Build | House |
| 0:23 | Create | Villager (Male) |
| 0:43 | Create | Villager (Male) |
| 1:17 | Create | Villager (Male) |
| 1:18 | Create | Villager (Male) |
| 1:30 | Create | Villager (Male) |
| 1:36 | Create | Villager (Male) |
| 1:42 | Build | House |
| 2:02 | Create | Villager (Male) |
| 2:22 | Create | Villager (Male) |
| 2:42 | Create | Villager (Male) |
| 3:02 | Create | Villager (Male) |
| 3:16 | Create | Villager (Male) |
| 3:16 | Create | Villager (Male) |
| 3:34 | Create | Villager (Male) |
| 3:47 | Build | Dock |
| 3:51 | Create | Villager (Male) |
| 4:11 | Create | Villager (Male) |
| 4:49 | Create | Fishing Ship |
| 5:03 | Create | Villager (Male) |
| 6:06 | Create | Villager (Male) |
| 6:18 | Build | Settlement |
| 6:28 | Create | Fishing Ship |
| 6:41 | Build | House |
Build order — 294608812
17 actions detected in the replay
| 0:15 | Build | House |
| 0:15 | Build | House |
| 0:17 | Build | House |
| 0:18 | Build | House |
| 0:23 | Research | Loom |
| 0:24 | Create | Villager (Male) ×4 |
| 0:24 | Create | Villager (Male) ×4 |
| 2:21 | Create | Villager (Male) |
| 2:22 | Create | Villager (Male) |
| 2:58 | Create | Villager (Male) |
| 2:59 | Create | Villager (Male) |
| 3:18 | Create | Villager (Male) |
| 3:18 | Create | Villager (Male) |
| 4:06 | Create | Villager (Male) |
| 4:06 | Create | Villager (Male) |
| 4:07 | Create | Villager (Male) |
| 4:07 | Create | Villager (Male) |
Build order — 我是厨子不是愚公,只会做饭不会易大山
23 actions detected in the replay
| 0:21 | Create | Villager (Male) |
| 0:21 | Research | Loom |
| 0:21 | Create | Villager (Male) |
| 0:22 | Create | Villager (Male) |
| 0:22 | Create | Villager (Male) |
| 0:22 | Create | Villager (Male) |
| 0:52 | Build | House |
| 0:52 | Build | House |
| 0:53 | Build | House |
| 0:53 | Build | House |
| 0:53 | Build | House |
| 1:21 | Build | Lumber Camp |
| 2:24 | Create | Villager (Male) |
| 2:24 | Create | Villager (Male) |
| 3:02 | Create | Villager (Male) |
| 3:02 | Create | Villager (Male) |
| 4:00 | Create | Villager (Male) |
| 4:01 | Create | Villager (Male) |
| 4:01 | Create | Villager (Male) |
| 4:47 | Create | Villager (Male) |
| 4:47 | Create | Villager (Male) |
| 4:48 | Create | Villager (Male) |
| 5:28 | Build | Mill |
Build order — Dragonix312
21 actions detected in the replay
| 0:29 | Build | House |
| 0:32 | Build | House |
| 0:34 | Build | House |
| 0:37 | Research | Loom |
| 0:41 | Create | Villager (Male) |
| 0:41 | Create | Villager (Male) |
| 0:41 | Create | Villager (Male) |
| 0:41 | Create | Villager (Male) |
| 0:41 | Create | Villager (Male) |
| 0:42 | Create | Villager (Male) |
| 1:16 | Create | Villager (Male) |
| 1:16 | Create | Villager (Male) |
| 2:23 | Build | House |
| 3:17 | Create | Villager (Male) ×4 |
| 3:35 | Create | Villager (Male) |
| 3:35 | Create | Villager (Male) |
| 5:16 | Create | Villager (Male) |
| 6:04 | Build | Mill |
| 6:08 | Create | Villager (Male) ×5 |
| 6:22 | Build | Mining Camp |
| 7:13 | Build | Mill |
Match timeline
| 3:47 | thomas.magicmueller · first_building Dock |
| 4:56 | 无名之辈2 · resign |
[ AI ANALYSIS · 1 CREDIT ]
What really happened in this match?
Wolo.gg analyzes every decision: build order, eco, micro, common mistakes by bracket. Personalized analysis on WhatsApp or Discord in 30 seconds.
Civ guide
Burgundians
Perfil
Jugador #11050398